Workbook
Name __xlnm.Print_Area_2: #REF!
Name __xlnm.Print_Area_2: #REF!
Name __xlnm.Print_Area_3: #REF!
Name __xlnm.Print_Area_3: #REF!
Name __xlnm.Print_Area_3_1: #REF!
Name __xlnm.Print_Area_3_1: #REF!
Name __xlnm.Print_Titles_2: #REF!
Name __xlnm.Print_Titles_2: #REF!
Name __xlnm.Print_Titles_3: #REF!
Name __xlnm.Print_Titles_3: #REF!
Name _R10P: #REF!
Name _R10P: #REF!
Name _R10R: #REF!
Name _R10R: #REF!
Name _R11P: #REF!
Name _R11P: #REF!
Name _R11R: #REF!
Name _R11R: #REF!
Name _R12P: #REF!
Name _R12P: #REF!
Name _R12R: #REF!
Name _R12R: #REF!
Name _R13P: #REF!
Name _R13P: #REF!
Name _R13R: #REF!
Name _R13R: #REF!
Name _R14P: #REF!
Name _R14P: #REF!
Name _R14R: #REF!
Name _R14R: #REF!
Name _R15P: #REF!
Name _R15P: #REF!
Name _R15R: #REF!
Name _R15R: #REF!
Name _R16P: #REF!
Name _R16P: #REF!
Name _R16R: #REF!
Name _R16R: #REF!
Name _R17P: #REF!
Name _R17P: #REF!
Name _R17R: #REF!
Name _R17R: #REF!
Name _R18P: #REF!
Name _R18P: #REF!
Name _R18R: #REF!
Name _R18R: #REF!
Name _R19P: #REF!
Name _R19P: #REF!
Name _R19R: #REF!
Name _R19R: #REF!
Name _R1P: #REF!
Name _R1P: #REF!
Name _R1R: #REF!
Name _R1R: #REF!
Name _R20P: #REF!
Name _R20P: #REF!
Name _R20R: #REF!
Name _R20R: #REF!
Name _R21P: #REF!
Name _R21P: #REF!

Sheet ESTIMATIVA 
A7: ESTIMATIVA - MAIORES CUSTOS - MENONITAS
A8: SERVIÇOS | B8: UNIDADE | C8: QTDE | D8: VLR UNITÁRIO C/ BDI | E8: VLR TOTAL C/ BDI
A9: PISTA DE CAMINHADA EXISTENTE - REFAZER | B9: M | C9: 1644.5 | D9: =E9/C9 -> 196.84861 | E9: =Orçamento!M291 -> 323717.54
A10: SUBSTITUIR LAJOTA DE CONCRETO POR PISO CONCRETO | B10: M² | C10: 2289 | D10: =E10/C10 -> 210.14054 | E10: =Orçamento!M250 -> 481011.69
A11: PARUINHO ACESSIVEL COM PISO EMBORRACHADO | E11: =Orçamento!M71 -> 458720.96
A12: PARQUINHO GRANDE A REFORMAR | E12: =Orçamento!M47 -> 235502.63
A13: EXECUTAR CANCHA EM GRAMA SINTETICA 49X29 | B13: M² | C13: 1421 | D13: =E13/C13 -> 0 | E13: =Orçamento!N312 -> 0
A14: EXECUTAR ALAMBRADOS CANCHA DE FUTEBOL H5 E H2 | B14: M² | C14: 800 | E14: =Orçamento!M311+Orçamento!#REF! -> #REF!
A15: RECUPERAR BRINQUEDO DE CONCRETO EXISTENTE | B15: UN | C15: 1 | D15: =Orçamento!L69 -> 4852.99 | E15: =Orçamento!M69 -> 4852.99
A16: RECUPERAR BRINQUEDO ESCORREGADOR EXISTENTE | B16: UN | C16: 1 | D16: =Orçamento!L42+Orçamento!L43 -> 45402.02 | E16: =Orçamento!M42+Orçamento!M43 -> 45402.02
A17: PISTA CAMINHADA CANCHA FUTEBOL L=3M 600M² | B17: M² | C17: 600 | E17: =Orçamento!#REF! -> #REF!
A18: PISTA CAMINHADA CANCHA FUTEBOL L=4M 785M² | B18: M² | C18: 785 | E18: =Orçamento!#REF! -> #REF!
A19: IMPLANTAR GRADIL PERIMETRO DOS PARQUINHOS h=1m | B19: M | C19: =Orçamento!I96 -> 235.4 | D19: =Orçamento!L96 -> 436.12 | E19: =Orçamento!M96 -> 102662.65
E22: =SUM(E9:E19) -> #REF!

Sheet Orçamento
F1: PREFEITURA MUNICIPAL DE CURITIBA
F2: SECRETARIA MUNICIPAL DO MEIO AMBIENTE
F3: DEPARTAMENTO DE PARQUES E PRAÇAS
D5: Orçamento Estimativo n.º | G5: SEM DESONERAÇÃO | H5: Data: | I5: 45971 | J5: Folha n.º
D7: Obra: | E7: IMPLANTAÇÃO DE PARQUINHO E REFORMA DA PRAÇA DA COLONIZAÇÃO MENONITA | K7: Bairro: | L7: BOQUEIRÃO | M7: Proj. n.º 2475
D8: Local: | E8: RUA PAULO SETUBAL X RUA GABRIEL CORISCO DOMINGUES | K8: Regional: | L8: BOQUEIRÃO
D10: Fonte | E10: Código | F10: Item | G10: Descrição dos Serviços | H10: Unidade | I10: Quantidade | J10: Custo unit. s/ BDI (R$) | K10: BDI | L10: Preço unit. c/ BDI (R$) | M10: Preço Total (R$)
F11: 1.0 | G11: SERVIÇOS PRELIMINARES E INSTALAÇÕES PROVISÓRIAS
D12: C SINAPI | E12: 103689 | F12: 1.1 | G12: Fornecimento E Instalação De Placa De Obra Com Chapa Galvanizada E Estrutura De Madeira. Af_03/2022_Ps | H12: M2 | I12: 1.5 | J12: 473.81 | K12: 0.1969 | L12: =TRUNC(J12*(1+K12),2) -> 567.1 | M12: =ROUND(I12*L12,2) -> 850.65
D13: COMPOSIÇÃO | E13: 02 | F13: 1.2 | G13: Mobilização E Desmobilização De Equipamentos E Mão De Obra | H13: MÊS | I13: 9 | J13: 892.73 | K13: 0.1969 | L13: =TRUNC(J13*(1+K13),2) -> 1068.5 | M13: =ROUND(I13*L13,2) -> 9616.5
D14: COMPOSIÇÃO | E14: ALO-006 | F14: 1.3 | G14: Locação De Container Para Escritório Medindo 2,30 X 6,00 M E Altura De 2,50 M, Com 1 Sanitário Completo | H14: MÊS | I14: 9 | J14: 730.08 | K14: 0.1969 | L14: =TRUNC(J14*(1+K14),2) -> 873.83 | M14: =ROUND(I14*L14,2) -> 7864.47
D15: C SINAPI | E15: 98459 | F15: 1.4 | G15: Tapume Com Telha Metálica. Af_03/2024 | H15: M2 | I15: 52.14 | J15: 94.48 | K15: 0.1969 | L15: =TRUNC(J15*(1+K15),2) -> 113.08 | M15: =ROUND(I15*L15,2) -> 5895.99
D16: COMPOSIÇÃO | E16: ICO-011 | F16: 1.5 | G16: Entrada Provisória De Água E Esgoto | H16: UD | I16: 1 | J16: 702.34 | K16: 0.1969 | L16: =TRUNC(J16*(1+K16),2) -> 840.63 | M16: =ROUND(I16*L16,2) -> 840.63
D17: COMPOSIÇÃO | E17: ICO-012 | F17: 1.6 | G17: Entrada Provisória De Energia Elétrica | H17: UD | I17: 1 | J17: 2207.71 | K17: 0.1969 | L17: =TRUNC(J17*(1+K17),2) -> 2642.4 | M17: =ROUND(I17*L17,2) -> 2642.4
D18: COMPOSIÇÃO | E18: ALO-009 | F18: 1.7 | G18: Consumo De Água E Esgoto | H18: MÊS | I18: 9 | J18: 757.96 | K18: 0.1969 | L18: =TRUNC(J18*(1+K18),2) -> 907.2 | M18: =ROUND(I18*L18,2) -> 8164.8
D19: COMPOSIÇÃO | E19: ALO-010 | F19: 1.8 | G19: Consumo De Energia | H19: MÊS | I19: 9 | J19: 422.9 | K19: 0.1969 | L19: =TRUNC(J19*(1+K19),2) -> 506.16 | M19: =ROUND(I19*L19,2) -> 4555.44
G20: Sub-total | M20: =SUBTOTAL(9,M12:M19) -> 40430.88
F22: 2.0 | G22: ADMINISTRAÇÃO LOCAL E VEÍCULO PARA FISCALIZAÇÃO
D23: COMPOSIÇÃO | E23: 01 | F23: 2.1 | G23: Administração Local Da Obra (Engenheiro De Obra (1 Hora/Dia), Encarregado De Obra) | H23: MÊS | I23: 9 | J23: 11030.94 | K23: 0.1969 | L23: =TRUNC(J23*(1+K23),2) -> 13202.93 | M23: =ROUND(I23*L23,2) -> 118826.37
D24: COMPOSIÇÃO | E24: ALO-001 | F24: 2.2 | G24: Veículo Para Fiscalização De Obras Incluindo Combustível E Proteção Básica | H24: MÊS | I24: 9 | J24: 2916.44 | K24: 0.1969 | L24: =TRUNC(J24*(1+K24),2) -> 3490.68 | M24: =ROUND(I24*L24,2) -> 31416.12
G25: Sub-total | M25: =SUBTOTAL(9,M23:M24) -> 150242.49
F27: 3.0 | G27: PARQUINHO GRANDE A REFORMAR
D28: COMPOSIÇÃO | E28: 10 | F28: 3.1 | G28: Remoção De Banco De Tronco | H28: UD | I28: 6 | J28: 40.46 | K28: 0.1969 | L28: =TRUNC(J28*(1+K28),2) -> 48.42 | M28: =ROUND(I28*L28,2) -> 290.52
D29: COMPOSIÇÃO | E29: PAI-022 | F29: 3.2 | G29: Arrancamento De Fincadinhas De Granito | H29: M | I29: 94.2 | J29: 6.93 | K29: 0.1969 | L29: =TRUNC(J29*(1+K29),2) -> 8.29 | M29: =ROUND(I29*L29,2) -> 780.92
D30: COMPOSIÇÃO | E30: DEM-021 | F30: 3.3 | G30: Carga E Transporte De Entulhos Com Caçamba | H30: M3 | I30: 3.22 | J30: 96.32 | K30: 0.1969 | L30: =TRUNC(J30*(1+K30),2) -> 115.28 | M30: =ROUND(I30*L30,2) -> 371.2
D31: COMPOSIÇÃO | E31: 03 | F31: 3.4 | G31: Retirada De Brinquedos (2 Gangorras E Escorregador) Com Transporte À Oficina Da Smma Na Barreirinha | H31: CJTO | I31: 1 | J31: 581.01 | K31: 0.1969 | L31: =TRUNC(J31*(1+K31),2) -> 695.41 | M31: =ROUND(I31*L31,2) -> 695.41
D32: C SINAPI | E32: 101125 | F32: 3.5 | G32: Escavação Horizontal, Incluindo Carga E Descarga Em Solo De 1A Categoria Com Trator De Esteiras (150Hp/Lâmina: 3,18M3). Af_07/2020 | H32: M3 | I32: 142.49 | J32: 15.56 | K32: 0.1969 | L32: =TRUNC(J32*(1+K32),2) -> 18.62 | M32: =ROUND(I32*L32,2) -> 2653.16
D33: C SINAPI | E33: 95876 | F33: 3.6 | G33: Transporte Com Caminhão Basculante De 14 M³, Em Via Urbana Pavimentada, Dmt Até 30 Km (Unidade: M3Xkm). Af_07/2020 | H33: M3XKM | I33: 2564.86 | J33: 2.18 | K33: 0.1969 | L33: =TRUNC(J33*(1+K33),2) -> 2.6 | M33: =ROUND(I33*L33,2) -> 6668.64
D34: C SINAPI | E34: 100576 | F34: 3.7 | G34: Regularização E Compactação De Subleito De Solo Predominantemente Argiloso, Para Obras De Construção De Pavimentos. Af_09/2024 | H34: M2 | I34: 660 | J34: 3.17 | K34: 0.1969 | L34: =TRUNC(J34*(1+K34),2) -> 3.79 | M34: =ROUND(I34*L34,2) -> 2501.4
D35: COMPOSIÇÃO | E35: PAI-010 | F35: 3.8 | G35: Fornecimento E Assentamento De Guia Em Concreto Para Paver 8X19X45 Cm | H35: M | I35: 91.1 | J35: 46.41 | K35: 0.1969 | L35: =TRUNC(J35*(1+K35),2) -> 55.54 | M35: =ROUND(I35*L35,2) -> 5059.69
D36: COMPOSIÇÃO | E36: OBR-032 | F36: 3.9 | G36: Fornecimento E Espalhamento De Areia | H36: M3 | I36: 158.4 | J36: 265.35 | K36: 0.1969 | L36: =TRUNC(J36*(1+K36),2) -> 317.59 | M36: =ROUND(I36*L36,2) -> 50306.26
D37: COMPOSIÇÃO | E37: 05 | F37: 3.10 | G37: Brinquedo Primeira Infância Padrão Smma - Fornecimento E Instalação, Conforme Especificação Do Projeto | H37: UD | I37: 1 | J37: 8583.99 | K37: 0.1969 | L37: =TRUNC(J37*(1+K37),2) -> 10274.17 | M37: =ROUND(I37*L37,2) -> 10274.17
D38: COMPOSIÇÃO | E38: 06 | F38: 3.11 | G38: Brinquedo Centopéia Padrão Smma, Metálico, Cor Verde - Fornecimento E Instalação, Conforme Especificação Do Projeto | H38: UD | I38: 1 | J38: 3618.8 | K38: 0.1969 | L38: =TRUNC(J38*(1+K38),2) -> 4331.34 | M38: =ROUND(I38*L38,2) -> 4331.34
D39: COMPOSIÇÃO | E39: 04 | F39: 3.12 | G39: Brinquedo Zigzag De Troncos De Eucalipto Padrão Smma - Fornecimento E Instalação, Conforme Especificação Do Projeto | H39: UD | I39: 1 | J39: 4982.59 | K39: 0.1969 | L39: =TRUNC(J39*(1+K39),2) -> 5963.66 | M39: =ROUND(I39*L39,2) -> 5963.66
D40: COMPOSIÇÃO | E40: 07 | F40: 3.13 | G40: Brinquedo Paliteiro, Padrão Smma - Fornecimento E Instalação, Conforme Especificação Do Projeto | H40: UD | I40: 1 | J40: 21102.32 | K40: 0.1969 | L40: =TRUNC(J40*(1+K40),2) -> 25257.36 | M40: =ROUND(I40*L40,2) -> 25257.36
D41: COTAÇÃO | E41: 003 | F41: 3.14 | G41: Brinquedo Domo Platô, Altura Central De 1,5 M E Diâmetro Da Base De 3 M, Fabricado Em Tubos De Aço Sae 1020 Ø1" E= 1,25 Mm, Com Acabamento Galvanizado E Pintura Eletrostática - Fornecimento E Instalação | H41: UD | I41: 1 | J41: 3000 | K41: 0.1528 | L41: =TRUNC(J41*(1+K41),2) -> 3458.4 | M41: =ROUND(I41*L41,2) -> 3458.4
D42: COMPOSIÇÃO | E42: 13 | F42: 3.15 | G42: Reforma Do Brinquedo Conjunto De Escorregadores, Incluindo O Lixamento, Pintura De Fundo E Pintura De Acabamento | H42: UD | I42: 1 | J42: 4390.82 | K42: 0.1969 | L42: =TRUNC(J42*(1+K42),2) -> 5255.37 | M42: =ROUND(I42*L42,2) -> 5255.37
D43: COMPOSIÇÃO | E43: 35 | F43: 3.16 | G43: Reforma Escorregor Existente - Normas De Segurança | H43: UD | I43: 1 | J43: 33542.2 | K43: 0.1969 | L43: =TRUNC(J43*(1+K43),2) -> 40146.65 | M43: =ROUND(I43*L43,2) -> 40146.65
D44: COMPOSIÇÃO | E44: 08 | F44: 3.17 | G44: Banco De Concreto Tipo C, Em Concreto Aparente Com Acabamento Em Selante Acrílico - Fornecimento E Instalação, Conforme Especificação De Projeto | H44: M | I44: 55.63 | J44: 798.01 | K44: 0.1969 | L44: =TRUNC(J44*(1+K44),2) -> 955.13 | M44: =ROUND(I44*L44,2) -> 53133.88
D45: COMPOSIÇÃO | E45: 16 | F45: 3.18 | G45: Fornecimento E Instalação De Encosto Para Banco, Módulo De 2M - Conforme Especificação Do Projeto | H45: UD | I45: 15 | J45: 588.1 | K45: 0.1969 | L45: =TRUNC(J45*(1+K45),2) -> 703.89 | M45: =ROUND(I45*L45,2) -> 10558.35
D46: COMPOSIÇÃO | E46: 16.1 | F46: 3.19 | G46: Fornecimento E Instalação De Assento Para Banco, Módulo De 2M - Conforme Especificação Do Projeto | H46: UD | I46: 15 | J46: 434.25 | K46: 0.1969 | L46: =TRUNC(J46*(1+K46),2) -> 519.75 | M46: =ROUND(I46*L46,2) -> 7796.25
G47: Sub-total | M47: =SUBTOTAL(9,M28:M46) -> 235502.63
F49: 4.0 | G49: PARQUINHO ACESSÍVEL A REFORMAR
D50: COMPOSIÇÃO | E50: 10 | F50: 4.1 | G50: Remoção De Banco De Tronco | H50: UD | I50: 2 | J50: 40.46 | K50: 0.1969 | L50: =TRUNC(J50*(1+K50),2) -> 48.42 | M50: =ROUND(I50*L50,2) -> 96.84
D51: COMPOSIÇÃO | E51: PAI-022 | F51: 4.2 | G51: Arrancamento De Fincadinhas De Granito | H51: M | I51: 56.7 | J51: 6.93 | K51: 0.1969 | L51: =TRUNC(J51*(1+K51),2) -> 8.29 | M51: =ROUND(I51*L51,2) -> 470.04
D52: COMPOSIÇÃO | E52: DEM-021 | F52: 4.3 | G52: Carga E Transporte De Entulhos Com Caçamba | H52: M3 | I52: 1.94 | J52: 96.32 | K52: 0.1969 | L52: =TRUNC(J52*(1+K52),2) -> 115.28 | M52: =ROUND(I52*L52,2) -> 223.64
D53: C SINAPI | E53: 101125 | F53: 4.4 | G53: Escavação Horizontal, Incluindo Carga E Descarga Em Solo De 1A Categoria Com Trator De Esteiras (150Hp/Lâmina: 3,18M3). Af_07/2020 | H53: M3 | I53: 36.4 | J53: 15.56 | K53: 0.1969 | L53: =TRUNC(J53*(1+K53),2) -> 18.62 | M53: =ROUND(I53*L53,2) -> 677.77
D54: C SINAPI | E54: 95876 | F54: 4.5 | G54: Transporte Com Caminhão Basculante De 14 M³, Em Via Urbana Pavimentada, Dmt Até 30 Km (Unidade: M3Xkm). Af_07/2020 | H54: M3XKM | I54: 655.2 | J54: 2.18 | K54: 0.1969 | L54: =TRUNC(J54*(1+K54),2) -> 2.6 | M54: =ROUND(I54*L54,2) -> 1703.52
D55: C SINAPI | E55: 100576 | F55: 4.6 | G55: Regularização E Compactação De Subleito De Solo Predominantemente Argiloso, Para Obras De Construção De Pavimentos. Af_09/2024 | H55: M2 | I55: 260 | J55: 3.17 | K55: 0.1969 | L55: =TRUNC(J55*(1+K55),2) -> 3.79 | M55: =ROUND(I55*L55,2) -> 985.4
D56: COMPOSIÇÃO | E56: PAI-010 | F56: 4.7 | G56: Fornecimento E Assentamento De Guia Em Concreto Para Paver 8X19X45 Cm | H56: M | I56: 60.32 | J56: 46.41 | K56: 0.1969 | L56: =TRUNC(J56*(1+K56),2) -> 55.54 | M56: =ROUND(I56*L56,2) -> 3350.17
D57: COMPOSIÇÃO | E57: 34 | F57: 4.8 | G57: Adequação No Sistema De Drenagem Do Parquinho Conforme Especificação Do Projeto | H57: UD | I57: 1 | J57: 1662.21 | K57: 0.1969 | L57: =TRUNC(J57*(1+K57),2) -> 1989.49 | M57: =ROUND(I57*L57,2) -> 1989.49
D58: COMPOSIÇÃO | E58: GAP-106 | F58: 4.9 | G58: Lastro De Brita 2, Com Compactação E Transporte Inclusos - E= 5CM | H58: M³ | I58: 13 | J58: 196.86 | K58: 0.1969 | L58: =TRUNC(J58*(1+K58),2) -> 235.62 | M58: =ROUND(I58*L58,2) -> 3063.06
D59: COMPOSIÇÃO | E59: 44 | F59: 4.10 | G59: Contrapiso Drenante, Espessura 6 Cm - Na Proporção: 30 Pás De Pedrisco, 25Kg De Cimento E 9 Litros De Água | H59: M2 | I59: 260 | J59: 42.74 | K59: 0.1969 | L59: =TRUNC(J59*(1+K59),2) -> 51.15 | M59: =ROUND(I59*L59,2) -> 13299
D60: COTAÇÃO | E60: 004 | F60: 4.11 | G60: Piso Emborrachado Monolítico Epdm Com Resina Aromática (Espessura 6Mm) Com Camada De Amortecimento Sbr (Espessura 35Mm), Colorido, Conforme Especificação Do Projeto - Fornecimento E Instalação | H60: M2 | I60: 286 | J60: 806 | K60: 0.1528 | L60: =TRUNC(J60*(1+K60),2) -> 929.15 | M60: =ROUND(I60*L60,2) -> 265736.9
D61: COTAÇÃO | E61: 005 | F61: 4.12 | G61: Brinquedo Morrinho Ø300 Cm, H = 85 Cm, Com Escorregador L = 60 Cm, Fornecimento E Instalação | H61: UD | I61: 1 | J61: 10900 | K61: 0.1528 | L61: =TRUNC(J61*(1+K61),2) -> 12565.52 | M61: =ROUND(I61*L61,2) -> 12565.52
D62: COTAÇÃO | E62: 006 | F62: 4.13 | G62: Brinquedo Balanço Estrutura Metálica Com 1 Assento Ninho De Cordas - Fornecimento E Instalação - Conforme Especificação Do Projeto | H62: UD | I62: 1 | J62: 33150 | K62: 0.1528 | L62: =TRUNC(J62*(1+K62),2) -> 38215.32 | M62: =ROUND(I62*L62,2) -> 38215.32
D63: COTAÇÃO | E63: 007 | F63: 4.14 | G63: Brinquedo Morrinho Ø160 Cm, H= 30 Cm, Sem Túnel, Fornecimento E Instalação | H63: UD | I63: 1 | J63: 4500 | K63: 0.1528 | L63: =TRUNC(J63*(1+K63),2) -> 5187.6 | M63: =ROUND(I63*L63,2) -> 5187.6
D64: COTAÇÃO | E64: 009 | F64: 4.15 | G64: Brinquedo Gira-Gira Inclusivo, Para Pelo Menos 1 Usuário Com Cadeira De Rodas E 2 Sem, No Nível Do Chão (Sem Rampa Retrátil Para Acesso Ao Brinquedo) - Fornecimento E Instalação - Conforme Especificação Do Projeto | H64: UD | I64: 1 | J64: 33150 | K64: 0.1528 | L64: =TRUNC(J64*(1+K64),2) -> 38215.32 | M64: =ROUND(I64*L64,2) -> 38215.32
D65: COTAÇÃO | E65: 010 | F65: 4.16 | G65: Brinquedo Tipo "Disco Voador Pula-Pula", Mola, Ø60Cm, Borda Em Estrutura Metálica - Fornecimento E Instalação | H65: UD | I65: 3 | J65: 7200 | K65: 0.1528 | L65: =TRUNC(J65*(1+K65),2) -> 8300.16 | M65: =ROUND(I65*L65,2) -> 24900.48
D66: C SINAPI | E66: 103193 | F66: 4.17 | G66: Instalação De Rotação Vertical Duplo, Em Tubo De Aço Carbono - Equipamento De Ginástica Para Academia Ao Ar Livre / Academia Da Terceira Idade - Ati, Instalado Sobre Solo. Af_10/2021 | H66: UN | I66: 2 | J66: 1977.77 | K66: 0.1969 | L66: =TRUNC(J66*(1+K66),2) -> 2367.19 | M66: =ROUND(I66*L66,2) -> 4734.38
D67: COTAÇÃO | E67: 011 | F67: 4.18 | G67: Brinquedo Animola Borboleta, Cor Verde E Laranja (54X42X87Cm) | H67: UD | I67: 2 | J67: 5432 | K67: 0.1528 | L67: =TRUNC(J67*(1+K67),2) -> 6262 | M67: =ROUND(I67*L67,2) -> 12524
D68: COTAÇÃO | E68: 008 | F68: 4.19 | G68: Brinquedo Morrinho Ø210 Cm, H= 90 Cm, Com Túnel Ø80 Cm, Fornecimento E Instalação | H68: UD | I68: 1 | J68: 8900 | K68: 0.1528 | L68: =TRUNC(J68*(1+K68),2) -> 10259.92 | M68: =ROUND(I68*L68,2) -> 10259.92
D69: COMPOSIÇÃO | E69: 14 | F69: 4.20 | G69: Reforma Do Escorregador Especial Existente - Incluindo O Material De Aterro Para Preenchimento, Argamassa Para Modelar O Formato, Rampa De Concreto Armado Para Fixação Das Agarras De Escalada, Lixamento, Pintura De Fundo E De Acabamento Nas Estruturas Metálicas Existentes. O Revestimento Em Epdm Está Considerado No Item 4.14 | H69: UD | I69: 1 | J69: 4054.64 | K69: 0.1969 | L69: =TRUNC(J69*(1+K69),2) -> 4852.99 | M69: =ROUND(I69*L69,2) -> 4852.99
D70: COMPOSIÇÃO | E70: 11 | F70: 4.21 | G70: Fornecimento E Instalação De Módulo De 2M De Banco De Concreto Tipo C, Com Encosto E Assento Em Madeira - Conforme Especificação Do Projeto | H70: UD | I70: 5 | J70: 2618.37 | K70: 0.1969 | L70: =TRUNC(J70*(1+K70),2) -> 3133.92 | M70: =ROUND(I70*L70,2) -> 15669.6
G71: Sub-total | M71: =SUBTOTAL(9,M50:M70) -> 458720.96
F73: 5.0 | G73: ESTAR PARQUINHOS
D74: COMPOSIÇÃO | E74: PAI-015 | F74: 5.1 | G74: Arrancamento De Lajotas De Concreto 45 X 45 X 5 Cm | H74: M2 | I74: 65.76 | J74: 6.93 | K74: 0.1969 | L74: =TRUNC(J74*(1+K74),2) -> 8.29 | M74: =ROUND(I74*L74,2) -> 545.15
D75: COMPOSIÇÃO | E75: DEM-021 | F75: 5.2 | G75: Carga E Transporte De Entulhos Com Caçamba | H75: M3 | I75: 6.58 | J75: 96.32 | K75: 0.1969 | L75: =TRUNC(J75*(1+K75),2) -> 115.28 | M75: =ROUND(I75*L75,2) -> 758.54
D76: C SINAPI | E76: 101125 | F76: 5.3 | G76: Escavação Horizontal, Incluindo Carga E Descarga Em Solo De 1A Categoria Com Trator De Esteiras (150Hp/Lâmina: 3,18M3). Af_07/2020 | H76: M3 | I76: 5.17 | J76: 15.56 | K76: 0.1969 | L76: =TRUNC(J76*(1+K76),2) -> 18.62 | M76: =ROUND(I76*L76,2) -> 96.27
D77: C SINAPI | E77: 95876 | F77: 5.4 | G77: Transporte Com Caminhão Basculante De 14 M³, Em Via Urbana Pavimentada, Dmt Até 30 Km (Unidade: M3Xkm). Af_07/2020 | H77: M3XKM | I77: 96.9 | J77: 2.18 | K77: 0.1969 | L77: =TRUNC(J77*(1+K77),2) -> 2.6 | M77: =ROUND(I77*L77,2) -> 251.94
D78: C SINAPI | E78: 100576 | F78: 5.5 | G78: Regularização E Compactação De Subleito De Solo Predominantemente Argiloso, Para Obras De Construção De Pavimentos. Af_09/2024 | H78: M2 | I78: 64.6 | J78: 3.17 | K78: 0.1969 | L78: =TRUNC(J78*(1+K78),2) -> 3.79 | M78: =ROUND(I78*L78,2) -> 244.83
D79: COMPOSIÇÃO | E79: GAP-106 | F79: 5.6 | G79: Lastro De Brita 2, Com Compactação E Transporte Inclusos | H79: M³ | I79: 3.23 | J79: 196.86 | K79: 0.1969 | L79: =TRUNC(J79*(1+K79),2) -> 235.62 | M79: =ROUND(I79*L79,2) -> 761.05
D80: C SINAPI | E80: 94995 | F80: 5.7 | G80: Execução De Passeio (Calçada) Ou Piso De Concreto Com Concreto Moldado In Loco, Usinado, Acabamento Convencional, Espessura 8 Cm, Armado. Af_08/2022 | H80: M2 | I80: 64.6 | J80: 92.76 | K80: 0.1969 | L80: =TRUNC(J80*(1+K80),2) -> 111.02 | M80: =ROUND(I80*L80,2) -> 7171.89
D81: C SINAPI | E81: 102492 | F81: 5.8 | G81: Pintura De Piso Com Tinta Acrílica, Aplicação Manual, 3 Demãos, Incluso Fundo Preparador. Af_05/2021 | H81: M2 | I81: 64.6 | J81: 31.56 | K81: 0.1969 | L81: =TRUNC(J81*(1+K81),2) -> 37.77 | M81: =ROUND(I81*L81,2) -> 2439.94
D82: COTAÇÃO | E82: 012 | F82: 5.9 | G82: Painel Jogo Da Velha - Conforme Especificação Do Projeto | H82: UD | I82: 1 | J82: 5058.6846 | K82: 0.1528 | L82: =TRUNC(J82*(1+K82),2) -> 5831.65 | M82: =ROUND(I82*L82,2) -> 5831.65
D83: COTAÇÃO | E83: 013 | F83: 5.10 | G83: Painel Interativo Ábaco - Conforme Especificação Do Projeto | H83: UD | I83: 1 | J83: 6856.3153 | K83: 0.1528 | L83: =TRUNC(J83*(1+K83),2) -> 7903.96 | M83: =ROUND(I83*L83,2) -> 7903.96
D84: COMPOSIÇÃO | E84: 12 | F84: 5.11 | G84: Instalação Dos Brinquedos "Painel Interativo Ábaco" E "Painel Jogo Da Velha" | H84: CJTO | I84: 1 | J84: 171.56 | K84: 0.1969 | L84: =TRUNC(J84*(1+K84),2) -> 205.34 | M84: =ROUND(I84*L84,2) -> 205.34
D85: SMMA | E85: BANC-001 | F85: 5.12 | G85: Fornecimento E Instalação De Banco Padrão Mapp | H85: UD | I85: 3 | J85: 1005.37 | K85: 0.1969 | L85: =TRUNC(J85*(1+K85),2) -> 1203.32 | M85: =ROUND(I85*L85,2) -> 3609.96
G86: Sub-total | M86: =SUBTOTAL(9,M74:M85) -> 29820.52
F88: 6.0 | G88: ACESSOS AOS PARQUINHOS E CERCAMENTO
D89: COMPOSIÇÃO | E89: PAI-015 | F89: 6.1 | G89: Arrancamento De Lajotas De Concreto 45 X 45 X 5 Cm | H89: M2 | I89: 115.43 | J89: 6.93 | K89: 0.1969 | L89: =TRUNC(J89*(1+K89),2) -> 8.29 | M89: =ROUND(I89*L89,2) -> 956.91
D90: COMPOSIÇÃO | E90: DEM-021 | F90: 6.2 | G90: Carga E Transporte De Entulhos Com Caçamba | H90: M3 | I90: 11.54 | J90: 96.32 | K90: 0.1969 | L90: =TRUNC(J90*(1+K90),2) -> 115.28 | M90: =ROUND(I90*L90,2) -> 1330.33
D91: C SINAPI | E91: 101125 | F91: 6.3 | G91: Escavação Horizontal, Incluindo Carga E Descarga Em Solo De 1A Categoria Com Trator De Esteiras (150Hp/Lâmina: 3,18M3). Af_07/2020 | H91: M3 | I91: 10.27 | J91: 15.56 | K91: 0.1969 | L91: =TRUNC(J91*(1+K91),2) -> 18.62 | M91: =ROUND(I91*L91,2) -> 191.23
D92: C SINAPI | E92: 95876 | F92: 6.4 | G92: Transporte Com Caminhão Basculante De 14 M³, Em Via Urbana Pavimentada, Dmt Até 30 Km (Unidade: M3Xkm). Af_07/2020 | H92: M3XKM | I92: 184.77 | J92: 2.18 | K92: 0.1969 | L92: =TRUNC(J92*(1+K92),2) -> 2.6 | M92: =ROUND(I92*L92,2) -> 480.4
D93: C SINAPI | E93: 100576 | F93: 6.5 | G93: Regularização E Compactação De Subleito De Solo Predominantemente Argiloso, Para Obras De Construção De Pavimentos. Af_09/2024 | H93: M2 | I93: 102.65 | J93: 3.17 | K93: 0.1969 | L93: =TRUNC(J93*(1+K93),2) -> 3.79 | M93: =ROUND(I93*L93,2) -> 389.04
D94: COMPOSIÇÃO | E94: GAP-106 | F94: 6.6 | G94: Lastro De Brita 2, Com Compactação E Transporte Inclusos | H94: M³ | I94: 5.13 | J94: 196.86 | K94: 0.1969 | L94: =TRUNC(J94*(1+K94),2) -> 235.62 | M94: =ROUND(I94*L94,2) -> 1208.73
D95: COMPOSIÇÃO | E95: PAI-003 | F95: 6.7 | G95: Fornecimento E Assentamento De Lajota De Concreto 45 X 45 X 5Cm Com Lastro De Areia | H95: M2 | I95: 102.65 | J95: 113.97 | K95: 0.1969 | L95: =TRUNC(J95*(1+K95),2) -> 136.41 | M95: =ROUND(I95*L95,2) -> 14002.49
D96: COMPOSIÇÃO | E96: 15 | F96: 6.9 | G96: Confecção E Instalação De Gradil De Ferro, Altura Aparente De 1,00 Metro, Com Ca-25 - Ø ½” (Vertical) A Cada 15 Cm E Ca-25 - Ø 5/8” (Horizontal Superior E Inferior), Composto Por Módulos De 1,20 Metros, Com Tubos De Ferro Galvanizado Para Água Com Rosca Dn 1 ½”, Espessura Da Parede De 3,0 Mm, Os Quais Deverão Ser Chumbados Em Sapata De Concreto, Considerando: Solda Elétrica (Filete Contínuo) Em Todas As Interseções, Aplicação De Fundo Zarcão (01 Demão), Fundo Para Galvanizados (01 Demão) E Pintura Em 2 Demãos De Tinta Esmalte Sintético, Cor Verde - Com Portões | H96: M | I96: 235.4 | J96: 364.38 | K96: 0.1969 | L96: =TRUNC(J96*(1+K96),2) -> 436.12 | M96: =ROUND(I96*L96,2) -> 102662.65
G97: Sub-total | M97: =SUBTOTAL(9,M89:M96) -> 121221.78
F99: 7.0 | G99: PISTA DE BICICROSS
D100: C SINAPI | E100: 101125 | F100: 7.1 | G100: Escavação Horizontal, Incluindo Carga E Descarga Em Solo De 1A Categoria Com Trator De Esteiras (150Hp/Lâmina: 3,18M3). Af_07/2020 | H100: M3 | I100: 15.33 | J100: 15.56 | K100: 0.1969 | L100: =TRUNC(J100*(1+K100),2) -> 18.62 | M100: =ROUND(I100*L100,2) -> 285.44
D101: C SINAPI | E101: 93382 | F101: 7.2 | G101: Reaterro Manual De Valas, Com Compactador De Solos De Percussão. Af_08/2023 | H101: M3 | I101: 75 | J101: 34.45 | K101: 0.1969 | L101: =TRUNC(J101*(1+K101),2) -> 41.23 | M101: =ROUND(I101*L101,2) -> 3092.25
D102: COMPOSIÇÃO | E102: TER-003 | F102: 7.3 | G102: Compactação De Aterro A 100% Do Proctor Normal | H102: M3 | I102: 75 | J102: 5.67 | K102: 0.1969 | L102: =TRUNC(J102*(1+K102),2) -> 6.78 | M102: =ROUND(I102*L102,2) -> 508.5
D103: C SINAPI | E103: 100576 | F103: 7.4 | G103: Regularização E Compactação De Subleito De Solo Predominantemente Argiloso, Para Obras De Construção De Pavimentos. Af_09/2024 | H103: M2 | I103: 230 | J103: 3.17 | K103: 0.1969 | L103: =TRUNC(J103*(1+K103),2) -> 3.79 | M103: =ROUND(I103*L103,2) -> 871.7
D104: COMPOSIÇÃO | E104: PAV-008 | F104: 7.5 | G104: Execução E Compactação De Base De Brita 4A - E= 15CM | H104: M3 | I104: 34.5 | J104: 228.4 | K104: 0.1969 | L104: =TRUNC(J104*(1+K104),2) -> 273.37 | M104: =ROUND(I104*L104,2) -> 9431.27
D105: C SINAPI | E105: 96396 | F105: 7.6 | G105: Construção De Base E Sub-Base Para Pavimentação De Brita Graduada Simples, Com Espessura De 15 Cm - Exclusive Carga E Transporte. Af_09/2024 - E= 5CM | H105: M3 | I105: 11.5 | J105: 123.23 | K105: 0.1969 | L105: =TRUNC(J105*(1+K105),2) -> 147.49 | M105: =ROUND(I105*L105,2) -> 1696.14
D106: C SINAPI | E106: 95876 | F106: 7.7 | G106: Transporte Com Caminhão Basculante De 14 M³, Em Via Urbana Pavimentada, Dmt Até 30 Km (Unidade: M3Xkm). Af_07/2020 - Transporte da brita graduada | H106: M3XKM | I106: 258.75 | J106: 2.18 | K106: 0.1969 | L106: =TRUNC(J106*(1+K106),2) -> 2.6 | M106: =ROUND(I106*L106,2) -> 672.75
D107: COMPOSIÇÃO | E107: PAV-020 | F107: 7.8 | G107: Imprimação Com Emulsão Asfáltica Rm-1C | H107: M2 | I107: 230 | J107: 5.95 | K107: 0.1969 | L107: =TRUNC(J107*(1+K107),2) -> 7.12 | M107: =ROUND(I107*L107,2) -> 1637.6
D108: COMPOSIÇÃO | E108: PAV-041 | F108: 7.9 | G108: Execução De Pavimento Com Pré-Misturado A Quente, Faixa Especial (Fina) - Sem Transporte - E= 5CM | H108: M3 | I108: 11.5 | J108: 1152.88 | K108: 0.1969 | L108: =TRUNC(J108*(1+K108),2) -> 1379.88 | M108: =ROUND(I108*L108,2) -> 15868.62
D109: C SINAPI | E109: 95879 | F109: 7.10 | G109: Transporte Com Caminhão Basculante De 14 M³, Em Via Urbana Pavimentada, Dmt Até 30 Km (Unidade: Txkm). Af_07/2020 - Transporte do pré-misturado a quente, faixa especial (fina) | H109: TXKM | I109: 568.1 | J109: 1.48 | K109: 0.1969 | L109: =TRUNC(J109*(1+K109),2) -> 1.77 | M109: =ROUND(I109*L109,2) -> 1005.54
...

Sheet Cronograma FF 
B2: PREFEITURA MUNICIPAL DE CURITIBA | O2: PREFEITURA MUNICIPAL DE CURITIBA | AB2: PREFEITURA MUNICIPAL DE CURITIBA
B3: SECRETARIA MUNICIPAL DO MEIO AMBIENTE | O3: SECRETARIA MUNICIPAL DO MEIO AMBIENTE | AB3: SECRETARIA MUNICIPAL DO MEIO AMBIENTE
B4: DEPARTAMENTO DE PARQUES E PRAÇAS | O4: DEPARTAMENTO DE PARQUES E PRAÇAS | AB4: DEPARTAMENTO DE PARQUES E PRAÇAS
B6: CRONOGRAMA FÍSICO - FINANCEIRO | O6: CRONOGRAMA FÍSICO - FINANCEIRO | AB6: CRONOGRAMA FÍSICO - FINANCEIRO
A8: Obra: | B8: IMPLANTAÇÃO DE PARQUINHO E REFORMA DA PRAÇA DA COLONIZAÇÃO MENONITA | H8: Proj. nº 2475 | K8: Data: 12/11/2025 | N8: Obra: | O8: IMPLANTAÇÃO DE PARQUINHO E REFORMA DA PRAÇA DA COLONIZAÇÃO MENONITA | U8: Proj. nº 2475 | X8: Data: 12/11/2025 | AA8: Obra: | AB8: IMPLANTAÇÃO DE PARQUINHO E REFORMA DA PRAÇA DA COLONIZAÇÃO MENONITA | AH8: Proj. nº 2475 | AK8: Data: 12/11/2025
A9: Local: | B9: RUA PAULO SETUBAL X RUA GABRIEL CORISCO DOMINGUES | H9: Bairro: BOQUEIRÃO | K9: Regional: BOQUEIRÃO | N9: Local: | O9: RUA PAULO SETUBAL X RUA GABRIEL CORISCO DOMINGUES | U9: Bairro: BOQUEIRÃO | X9: Regional: BOQUEIRÃO | AA9: Local: | AB9: RUA PAULO SETUBAL X RUA GABRIEL CORISCO DOMINGUES | AH9: Bairro: BOQUEIRÃO | AK9: Regional: BOQUEIRÃO
E12: 1º Mês | H12: 2º Mês | K12: 3º Mês | R12: 4º Mês | U12: 5º Mês | X12: 6º Mês | AE12: 7º Mês | AH12: 8º Mês | AK12: 9º Mês
A13: Item | B13: Especificação | C13: TOTAL(R$) | D13: % Global | E13: Execução | F13: Valor(R$) | G13: % Global | H13: Execução | I13: Valor(R$) | J13: % Global | K13: Execução | L13: Valor(R$) | M13: % Global | N13: Item | O13: Especificação | P13: TOTAL(R$) | Q13: % Global | R13: Execução | S13: Valor(R$) | T13: % Global | U13: Execução | V13: Valor(R$) | W13: % Global | X13: Execução | Y13: Valor(R$) | Z13: % Global | AA13: Item | AB13: Especificação | AC13: TOTAL(R$) | AD13: % Global | AE13: Execução | AF13: Valor(R$) | AG13: % Global | AH13: Execução | AI13: Valor(R$) | AJ13: % Global | AK13: Execução | AL13: Valor(R$) | AM13: % Global | AN13: Total | AO13: %
A14: =Orçamento!F11 -> 1.0 | B14: =Orçamento!G11 -> SERVIÇOS PRELIMINARES E INSTALAÇÕES PROVISÓRIAS | C14: =Orçamento!M20 -> 40430.88 | D14: =C14/$C$34 -> 0.013766426 | E14: =F14/C14 -> 0.33601445 | F14: 13585.36 | G14: =F14/$C$34 -> 0.0046257181 | H14: =I14/C14 -> 0.082998193 | I14: 3355.69 | J14: =I14/$C$34 -> 0.0011425885 | K14: =L14/C14 -> 0.082998193 | L14: 3355.69 | M14: =L14/$C$34 -> 0.0011425885 | N14: 1.0 | O14: =B14 -> SERVIÇOS PRELIMINARES E INSTALAÇÕES PROVISÓRIAS | P14: =Orçamento!M20 -> 40430.88 | Q14: =P14/$C$34 -> 0.013766426 | R14: =S14/P14 -> 0.082998193 | S14: 3355.69 | T14: =S14/$C$34 -> 0.0011425885 | U14: =V14/P14 -> 0.082998193 | V14: 3355.69 | W14: =V14/$C$34 -> 0.0011425885 | X14: =Y14/P14 -> 0.082998193 | Y14: 3355.69 | Z14: =Y14/$C$34 -> 0.0011425885 | AA14: 1.0 | AB14: =O14 -> SERVIÇOS PRELIMINARES E INSTALAÇÕES PROVISÓRIAS | AC14: =Orçamento!M20 -> 40430.88 | AD14: =AC14/$C$34 -> 0.013766426 | AE14: =AF14/AC14 -> 0.082998193 | AF14: 3355.69 | AG14: =AF14/$C$34 -> 0.0011425885 | AH14: =AI14/AC14 -> 0.082998193 | AI14: 3355.69 | AJ14: =AI14/$C$34 -> 0.0011425885 | AK14: =AL14/AC14 -> 0.082998193 | AL14: 3355.69 | AM14: =AL14/$C$34 -> 0.0011425885 | AN14: =F14+I14+L14+S14+V14+Y14+AF14+AI14+AL14 -> 40430.88 | AO14: =E14+H14+K14+R14+U14+X14+AE14+AH14+AK14 -> 1
A15: =Orçamento!F22 -> 2.0 | B15: =Orçamento!G22 -> ADMINISTRAÇÃO LOCAL E VEÍCULO PARA FISCALIZAÇÃO | C15: =Orçamento!M25 -> 150242.49 | D15: =C15/$C$34 -> 0.051156495 | E15: 0.05589237 | F15: 8397.4089 | G15: =F15/$C$34 -> 0.0028592578 | H15: 0.09115553 | I15: 13695.434 | J15: =I15/$C$34 -> 0.0046631975 | K15: 0.12294319 | L15: 18471.291 | M15: =L15/$C$34 -> 0.0062893426 | N15: 2.0 | O15: =B15 -> ADMINISTRAÇÃO LOCAL E VEÍCULO PARA FISCALIZAÇÃO | P15: =Orçamento!M25 -> 150242.49 | Q15: =P15/$C$34 -> 0.051156495 | R15: 0.12329091 | S15: 18523.533 | T15: =S15/$C$34 -> 0.0063071309 | U15: 0.11996073 | V15: 18023.199 | W15: =V15/$C$34 -> 0.0061367705 | X15: 0.13479118 | Y15: 20251.363 | Z15: =Y15/$C$34 -> 0.0068954446 | AA15: 2.0 | AB15: =O15 -> ADMINISTRAÇÃO LOCAL E VEÍCULO PARA FISCALIZAÇÃO | AC15: =Orçamento!M25 -> 150242.49 | AD15: =AC15/$C$34 -> 0.051156495 | AE15: 0.13443326 | AF15: 20197.588 | AG15: =AF15/$C$34 -> 0.0068771344 | AH15: 0.13194415 | AI15: 19823.617 | AJ15: =AI15/$C$34 -> 0.0067498002 | AK15: 0.085588682 | AL15: 12859.057 | AM15: =AL15/$C$34 -> 0.004378417 | AN15: =F15+I15+L15+S15+V15+Y15+AF15+AI15+AL15 -> 150242.49 | AO15: =E15+H15+K15+R15+U15+X15+AE15+AH15+AK15 -> 1
A16: =Orçamento!F27 -> 3.0 | B16: =Orçamento!G27 -> PARQUINHO GRANDE A REFORMAR | C16: =Orçamento!M47 -> 235502.63 | D16: =C16/$C$34 -> 0.080186964 | N16: 3.0 | O16: =B16 -> PARQUINHO GRANDE A REFORMAR | P16: =Orçamento!M47 -> 235502.63 | Q16: =P16/$C$34 -> 0.080186964 | U16: =V16/P16 -> 0.080767421 | V16: 19020.94 | W16: =V16/$C$34 -> 0.0064764943 | X16: =Y16/P16 -> 0.47402923 | Y16: 111635.13 | Z16: =Y16/$C$34 -> 0.038010965 | AA16: 3.0 | AB16: =O16 -> PARQUINHO GRANDE A REFORMAR | AC16: =Orçamento!M47 -> 235502.63 | AD16: =AC16/$C$34 -> 0.080186964 | AE16: =AF16/AC16 -> 0.44520335 | AF16: 104846.56 | AG16: =AF16/$C$34 -> 0.035699505 | AN16: =F16+I16+L16+S16+V16+Y16+AF16+AI16+AL16 -> 235502.63 | AO16: =E16+H16+K16+R16+U16+X16+AE16+AH16+AK16 -> 1
A17: =Orçamento!F49 -> 4.0 | B17: =Orçamento!G49 -> PARQUINHO ACESSÍVEL A REFORMAR | C17: =Orçamento!M71 -> 458720.96 | D17: =C17/$C$34 -> 0.15619121 | N17: 4.0 | O17: =B17 -> PARQUINHO ACESSÍVEL A REFORMAR | P17: =Orçamento!M71 -> 458720.96 | Q17: =P17/$C$34 -> 0.15619121 | X17: =Y17/P17 -> 0.056371808 | Y17: 25858.93 | Z17: =Y17/$C$34 -> 0.0088047811 | AA17: 4.0 | AB17: =O17 -> PARQUINHO ACESSÍVEL A REFORMAR | AC17: =Orçamento!M71 -> 458720.96 | AD17: =AC17/$C$34 -> 0.15619121 | AE17: =AF17/AC17 -> 0.36432852 | AF17: 167125.13 | AG17: =AF17/$C$34 -> 0.056904914 | AH17: =AI17/AC17 -> 0.57929967 | AI17: 265736.9 | AJ17: =AI17/$C$34 -> 0.090481518 | AN17: =F17+I17+L17+S17+V17+Y17+AF17+AI17+AL17 -> 458720.96 | AO17: =E17+H17+K17+R17+U17+X17+AE17+AH17+AK17 -> 1
A18: =Orçamento!F73 -> 5.0 | B18: =Orçamento!G73 -> ESTAR PARQUINHOS | C18: =Orçamento!M86 -> 29820.52 | D18: =C18/$C$34 -> 0.010153674 | N18: 5.0 | O18: =B18 -> ESTAR PARQUINHOS | P18: =Orçamento!M86 -> 29820.52 | Q18: =P18/$C$34 -> 0.010153674 | U18: =V18/P18 -> 1 | V18: 29820.52 | W18: =V18/$C$34 -> 0.010153674 | AA18: 5.0 | AB18: =O18 -> ESTAR PARQUINHOS | AC18: =Orçamento!M86 -> 29820.52 | AD18: =AC18/$C$34 -> 0.010153674 | AN18: =F18+I18+L18+S18+V18+Y18+AF18+AI18+AL18 -> 29820.52 | AO18: =E18+H18+K18+R18+U18+X18+AE18+AH18+AK18 -> 1
A19: =Orçamento!F88 -> 6.0 | B19: =Orçamento!G88 -> ACESSOS AOS PARQUINHOS E CERCAMENTO | C19: =Orçamento!M97 -> 121221.78 | D19: =C19/$C$34 -> 0.041275151 | N19: 6.0 | O19: =B19 -> ACESSOS AOS PARQUINHOS E CERCAMENTO | P19: =Orçamento!M97 -> 121221.78 | Q19: =P19/$C$34 -> 0.041275151 | X19: =Y19/P19 -> 0.024408732 | Y19: 2958.87 | Z19: =Y19/$C$34 -> 0.0010074741 | AA19: 6.0 | AB19: =O19 -> ACESSOS AOS PARQUINHOS E CERCAMENTO | AC19: =Orçamento!M97 -> 121221.78 | AD19: =AC19/$C$34 -> 0.041275151 | AE19: =AF19/AC19 -> 0.55214162 | AF19: 66931.59 | AG19: =AF19/$C$34 -> 0.022789729 | AH19: =AI19/AC19 -> 0.42344965 | AI19: 51331.32 | AJ19: =AI19/$C$34 -> 0.017477948 | AN19: =F19+I19+L19+S19+V19+Y19+AF19+AI19+AL19 -> 121221.78 | AO19: =E19+H19+K19+R19+U19+X19+AE19+AH19+AK19 -> 1
A20: =Orçamento!F99 -> 7.0 | B20: =Orçamento!G99 -> PISTA DE BICICROSS | C20: =Orçamento!M112 -> 38042.85 | D20: =C20/$C$34 -> 0.012953319 | N20: 7.0 | O20: =B20 -> PISTA DE BICICROSS | P20: =Orçamento!M112 -> 38042.85 | Q20: =P20/$C$34 -> 0.012953319 | U20: =V20/P20 -> 0.43524736 | V20: 16558.05 | W20: =V20/$C$34 -> 0.0056378978 | X20: =Y20/P20 -> 0.48660287 | Y20: 18511.76 | Z20: =Y20/$C$34 -> 0.0063031221 | AA20: 7.0 | AB20: =O20 -> PISTA DE BICICROSS | AC20: =Orçamento!M112 -> 38042.85 | AD20: =AC20/$C$34 -> 0.012953319 | AH20: =AI20/AC20 -> 0.078149771 | AI20: 2973.04 | AJ20: =AI20/$C$34 -> 0.0010122989 | AN20: =F20+I20+L20+S20+V20+Y20+AF20+AI20+AL20 -> 38042.85 | AO20: =E20+H20+K20+R20+U20+X20+AE20+AH20+AK20 -> 1
A21: =Orçamento!F114 -> 8.0 | B21: =Orçamento!G114 -> PARACICLO | C21: =Orçamento!M125 -> 8391.68 | D21: =C21/$C$34 -> 0.0028573071 | N21: 8.0 | O21: =B21 -> PARACICLO | P21: =Orçamento!M125 -> 8391.68 | Q21: =P21/$C$34 -> 0.0028573071 | U21: =V21/P21 -> 1 | V21: 8391.68 | W21: =V21/$C$34 -> 0.0028573071 | AA21: 8.0 | AB21: =O21 -> PARACICLO | AC21: =Orçamento!M125 -> 8391.68 | AD21: =AC21/$C$34 -> 0.0028573071 | AN21: =F21+I21+L21+S21+V21+Y21+AF21+AI21+AL21 -> 8391.68 | AO21: =E21+H21+K21+R21+U21+X21+AE21+AH21+AK21 -> 1
A22: =Orçamento!F127 -> 9.0 | B22: =Orçamento!G127 -> PLAYPET | C22: =Orçamento!M137 -> 61187.03 | D22: =C22/$C$34 -> 0.020833747 | N22: 9.0 | O22: =B22 -> PLAYPET | P22: =Orçamento!M137 -> 61187.03 | Q22: =P22/$C$34 -> 0.020833747 | AA22: 9.0 | AB22: =O22 -> PLAYPET | AC22: =Orçamento!M137 -> 61187.03 | AD22: =AC22/$C$34 -> 0.020833747 | AK22: =AL22/AC22 -> 1 | AL22: 61187.03 | AM22: =AL22/$C$34 -> 0.020833747 | AN22: =F22+I22+L22+S22+V22+Y22+AF22+AI22+AL22 -> 61187.03 | AO22: =E22+H22+K22+R22+U22+X22+AE22+AH22+AK22 -> 1
A23: =Orçamento!F139 -> 10.0 | B23: =Orçamento!G139 -> CIRCULAÇÃO E ACESSIBILIDADE À SMELJ | C23: =Orçamento!M157 -> 26642.55 | D23: =C23/$C$34 -> 0.0090715981 | E23: =F23/C23 -> 0.1627592 | F23: 4336.32 | G23: =F23/$C$34 -> 0.001476486 | H23: =I23/C23 -> 0.8372408 | I23: 22306.23 | J23: =I23/$C$34 -> 0.0075951121 | N23: 10.0 | O23: =B23 -> CIRCULAÇÃO E ACESSIBILIDADE À SMELJ | P23: =Orçamento!M157 -> 26642.55 | Q23: =P23/$C$34 -> 0.0090715981 | AA23: 10.0 | AB23: =O23 -> CIRCULAÇÃO E ACESSIBILIDADE À SMELJ | AC23: =Orçamento!M157 -> 26642.55 | AD23: =AC23/$C$34 -> 0.0090715981 | AN23: =F23+I23+L23+S23+V23+Y23+AF23+AI23+AL23 -> 26642.55 | AO23: =E23+H23+K23+R23+U23+X23+AE23+AH23+AK23 -> 1
A24: =Orçamento!F159 -> 11.0 | B24: =Orçamento!G159 -> MELHORIAS NO ENTORNO DA PISTA DE SKATE | C24: =Orçamento!M166 -> 7168.61 | D24: =C24/$C$34 -> 0.0024408605 | E24: =F24/C24 -> 1 | F24: 7168.61 | G24: =F24/$C$34 -> 0.0024408605 | N24: 11.0 | O24: =B24 -> MELHORIAS NO ENTORNO DA PISTA DE SKATE | P24: =Orçamento!M166 -> 7168.61 | Q24: =P24/$C$34 -> 0.0024408605 | AA24: 11.0 | AB24: =O24 -> MELHORIAS NO ENTORNO DA PISTA DE SKATE | AC24: =Orçamento!M166 -> 7168.61 | AD24: =AC24/$C$34 -> 0.0024408605 | AN24: =F24+I24+L24+S24+V24+Y24+AF24+AI24+AL24 -> 7168.61 | AO24: =E24+H24+K24+R24+U24+X24+AE24+AH24+AK24 -> 1
A25: =Orçamento!F168 -> 12.0 | B25: =Orçamento!G168 -> ESCADAS E ARQUIBANCADA PALCO SUPERIOR | C25: =Orçamento!M240 -> 110864.49 | D25: =C25/$C$34 -> 0.037748567 | E25: =F25/C25 -> 0.4482217 | F25: 49691.87 | G25: =F25/$C$34 -> 0.016919727 | K25: =L25/C25 -> 0.12229624 | L25: 13558.31 | M25: =L25/$C$34 -> 0.0046165078 | N25: 12.0 | O25: =B25 -> ESCADAS E ARQUIBANCADA PALCO SUPERIOR | P25: =Orçamento!M240 -> 110864.49 | Q25: =P25/$C$34 -> 0.037748567 | R25: =S25/P25 -> 0.099054891 | S25: 10981.67 | T25: =S25/$C$34 -> 0.0037391802 | X25: =Y25/P25 -> 0.33042717 | Y25: 36632.64 | Z25: =Y25/$C$34 -> 0.012473152 | AA25: 12.0 | AB25: =O25 -> ESCADAS E ARQUIBANCADA PALCO SUPERIOR | AC25: =Orçamento!M240 -> 110864.49 | AD25: =AC25/$C$34 -> 0.037748567 | AN25: =F25+I25+L25+S25+V25+Y25+AF25+AI25+AL25 -> 110864.49 | AO25: =E25+H25+K25+R25+U25+X25+AE25+AH25+AK25 -> 1
A26: =Orçamento!F242 -> 13.0 | B26: =Orçamento!G242 -> PISO EM CONCRETO DESEMPENADO - ESTAR CENTRAL | C26: =Orçamento!M250 -> 481011.69 | D26: =C26/$C$34 -> 0.16378105 | H26: 0.1 | I26: 48101.169 | J26: =I26/$C$34 -> 0.016378105 | K26: 0.1 | L26: 48101.169 | M26: =L26/$C$34 -> 0.016378105 | N26: 13.0 | O26: =B26 -> PISO EM CONCRETO DESEMPENADO - ESTAR CENTRAL | P26: =Orçamento!M250 -> 481011.69 | Q26: =P26/$C$34 -> 0.16378105 | R26: 0.1 | S26: 48101.169 | T26: =S26/$C$34 -> 0.016378105 | U26: 0.4 | V26: 192404.68 | W26: =V26/$C$34 -> 0.065512419 | X26: 0.3 | Y26: 144303.51 | Z26: =Y26/$C$34 -> 0.049134314 | AA26: 13.0 | AB26: =O26 -> PISO EM CONCRETO DESEMPENADO - ESTAR CENTRAL | AC26: =Orçamento!M250 -> 481011.69 | AD26: =AC26/$C$34 -> 0.16378105 | AN26: =F26+I26+L26+S26+V26+Y26+AF26+AI26+AL26 -> 481011.69 | AO26: =E26+H26+K26+R26+U26+X26+AE26+AH26+AK26 -> 1
A27: =Orçamento!F253 -> 14.0 | B27: =Orçamento!G253 -> RAMPAS DE ACESSIBILIDADE E VAGA DE ESTACIONAMENTO | C27: =Orçamento!M260 -> 7705.72 | D27: =C27/$C$34 -> 0.0026237427 | N27: 14.0 | O27: =B27 -> RAMPAS DE ACESSIBILIDADE E VAGA DE ESTACIONAMENTO | P27: =Orçamento!M260 -> 7705.72 | Q27: =P27/$C$34 -> 0.0026237427 | AA27: 14.0 | AB27: =O27 -> RAMPAS DE ACESSIBILIDADE E VAGA DE ESTACIONAMENTO | AC27: =Orçamento!M260 -> 7705.72 | AD27: =AC27/$C$34 -> 0.0026237427 | AH27: =AI27/AC27 -> 1 | AI27: 7705.72 | AJ27: =AI27/$C$34 -> 0.0026237427 | AN27: =F27+I27+L27+S27+V27+Y27+AF27+AI27+AL27 -> 7705.72 | AO27: =E27+H27+K27+R27+U27+X27+AE27+AH27+AK27 -> 1
A28: =Orçamento!F262 -> 15.0 | B28: =Orçamento!G262 -> PISTA DE CAMINHADA | C28: =Orçamento!M291 -> 323717.54 | D28: =C28/$C$34 -> 0.11022351 | H28: 0.3 | I28: 97115.262 | J28: =I28/$C$34 -> 0.033067054 | K28: 0.1 | L28: 32371.754 | M28: =L28/$C$34 -> 0.011022351 | N28: 15.0 | O28: =B28 -> PISTA DE CAMINHADA | P28: =Orçamento!M291 -> 323717.54 | Q28: =P28/$C$34 -> 0.11022351 | R28: 0.1 | S28: 32371.754 | T28: =S28/$C$34 -> 0.011022351 | U28: 0.2 | V28: 64743.508 | W28: =V28/$C$34 -> 0.022044702 | X28: 0.1 | Y28: 32371.754 | Z28: =Y28/$C$34 -> 0.011022351 | AA28: 15.0 | AB28: =O28 -> PISTA DE CAMINHADA | AC28: =Orçamento!M291 -> 323717.54 | AD28: =AC28/$C$34 -> 0.11022351 | AE28: 0.1 | AF28: 32371.754 | AG28: =AF28/$C$34 -> 0.011022351 | AH28: 0.05 | AI28: 16185.877 | AJ28: =AI28/$C$34 -> 0.0055111756 | AK28: 0.05 | AL28: 16185.877 | AM28: =AL28/$C$34 -> 0.0055111756 | AN28: =F28+I28+L28+S28+V28+Y28+AF28+AI28+AL28 -> 323717.54 | AO28: =E28+H28+K28+R28+U28+X28+AE28+AH28+AK28 -> 1
A29: =Orçamento!F293 -> 16.0 | B29: =Orçamento!G293 -> IMPLANTAÇÃO DE CANCHA DE GRAMA SINTÉTICA, CANCHA DE AREIA MULTIESPORTES E ALAMBRADOS | C29: =Orçamento!M320 -> 646877.85 | D29: =C29/$C$34 -> 0.22025729 | E29: =F29/C29 -> 0.1251414 | F29: 80951.2 | G29: =F29/$C$34 -> 0.027563306 | H29: =I29/C29 -> 0.11121124 | I29: 71940.09 | J29: =I29/$C$34 -> 0.024495087 | K29: =L29/C29 -> 0.37908301 | L29: 245220.4 | M29: =L29/$C$34 -> 0.083495796 | N29: 16.0 | O29: =B29 -> IMPLANTAÇÃO DE CANCHA DE GRAMA SINTÉTICA, CANCHA DE AREIA MULTIESPORTES E ALAMBRADOS | P29: =Orçamento!M320 -> 646877.85 | Q29: =P29/$C$34 -> 0.22025729 | R29: =S29/P29 -> 0.38456435 | S29: 248766.16 | T29: =S29/$C$34 -> 0.084703102 | AA29: 16.0 | AB29: =O29 -> IMPLANTAÇÃO DE CANCHA DE GRAMA SINTÉTICA, CANCHA DE AREIA MULTIESPORTES E ALAMBRADOS | AC29: =Orçamento!M320 -> 646877.85 | AD29: =AC29/$C$34 -> 0.22025729 | AN29: =F29+I29+L29+S29+V29+Y29+AF29+AI29+AL29 -> 646877.85 | AO29: =E29+H29+K29+R29+U29+X29+AE29+AH29+AK29 -> 1
A30: =Orçamento!F322 -> 17.0 | B30: =Orçamento!G322 -> MANUTENÇÃO KIT GINÁSTICA | C30: =Orçamento!M332 -> 11195.1 | D30: =C30/$C$34 -> 0.0038118516 | H30: =I30/C30 -> 1 | I30: 11195.1 | J30: =I30/$C$34 -> 0.0038118516 | N30: 17.0 | O30: =B30 -> MANUTENÇÃO KIT GINÁSTICA | P30: =Orçamento!M332 -> 11195.1 | Q30: =P30/$C$34 -> 0.0038118516 | AA30: 17.0 | AB30: =O30 -> MANUTENÇÃO KIT GINÁSTICA | AC30: =Orçamento!M332 -> 11195.1 | AD30: =AC30/$C$34 -> 0.0038118516 | AN30: =F30+I30+L30+S30+V30+Y30+AF30+AI30+AL30 -> 11195.1 | AO30: =E30+H30+K30+R30+U30+X30+AE30+AH30+AK30 -> 1
A31: =Orçamento!F334 -> 18.0 | B31: =Orçamento!G334 -> PINTURA DE MUROS E MURETAS | C31: =Orçamento!M339 -> 12207.28 | D31: =C31/$C$34 -> 0.0041564917 | N31: 18.0 | O31: =B31 -> PINTURA DE MUROS E MURETAS | P31: =Orçamento!M339 -> 12207.28 | Q31: =P31/$C$34 -> 0.0041564917 | AA31: 18.0 | AB31: =O31 -> PINTURA DE MUROS E MURETAS | AC31: =Orçamento!M339 -> 12207.28 | AD31: =AC31/$C$34 -> 0.0041564917 | AK31: =AL31/AC31 -> 1 | AL31: 12207.28 | AM31: =AL31/$C$34 -> 0.0041564917 | AN31: =F31+I31+L31+S31+V31+Y31+AF31+AI31+AL31 -> 12207.28 | AO31: =E31+H31+K31+R31+U31+X31+AE31+AH31+AK31 -> 1
A32: =Orçamento!F341 -> 19.0 | B32: =Orçamento!G341 -> SINALIZAÇÃO | C32: =Orçamento!M348 -> 16235.77 | D32: =C32/$C$34 -> 0.0055281638 | N32: 19.0 | O32: =B32 -> SINALIZAÇÃO | P32: =Orçamento!M348 -> 16235.77 | Q32: =P32/$C$34 -> 0.0055281638 | AA32: 19.0 | AB32: =O32 -> SINALIZAÇÃO | AC32: =Orçamento!M348 -> 16235.77 | AD32: =AC32/$C$34 -> 0.0055281638 | AK32: =AL32/AC32 -> 1 | AL32: 16235.77 | AM32: =AL32/$C$34 -> 0.0055281638 | AN32: =F32+I32+L32+S32+V32+Y32+AF32+AI32+AL32 -> 16235.77 | AO32: =E32+H32+K32+R32+U32+X32+AE32+AH32+AK32 -> 1
A33: =Orçamento!F350 -> 20.0 | B33: =Orçamento!G350 -> PAISAGISMO E SERVIÇOS COMPLEMENTARES | C33: =Orçamento!M360 -> 149731.71 | D33: =C33/$C$34 -> 0.050982578 | N33: 20.0 | O33: =B33 -> PAISAGISMO E SERVIÇOS COMPLEMENTARES | P33: =Orçamento!M360 -> 149731.71 | Q33: =P33/$C$34 -> 0.050982578 | AA33: 20.0 | AB33: =O33 -> PAISAGISMO E SERVIÇOS COMPLEMENTARES | AC33: =Orçamento!M360 -> 149731.71 | AD33: =AC33/$C$34 -> 0.050982578 | AH33: =AI33/AC33 -> 0.13627641 | AI33: 20404.9 | AJ33: =AI33/$C$34 -> 0.0069477228 | AK33: =AL33/AC33 -> 0.86372359 | AL33: 129326.81 | AM33: =AL33/$C$34 -> 0.044034856 | AN33: =F33+I33+L33+S33+V33+Y33+AF33+AI33+AL33 -> 149731.71 | AO33: =E33+H33+K33+R33+U33+X33+AE33+AH33+AK33 -> 1
B34: Total Geral | C34: =SUM(C14:C33) -> 2936919.1 | D34: =SUM(D14:D33) -> 1 | E34: Σ MÊS 1 | F34: =SUM(F14:F33) -> 164130.77 | G34: =SUM(G14:G33) -> 0.055885355 | H34: Σ MÊS 2 | I34: =SUM(I14:I33) -> 267708.97 | J34: =SUM(J14:J33) -> 0.091152995 | K34: Σ MÊS 3 | L34: =SUM(L14:L33) -> 361078.61 | M34: =SUM(M14:M33) -> 0.12294469 | O34: Total Geral | P34: =SUM(P14:P33) -> 2936919.1 | Q34: =SUM(Q14:Q33) -> 1 | R34: Σ MÊS 4 | S34: =SUM(S14:S33) -> 362099.98 | T34: =SUM(T14:T33) -> 0.12329246 | U34: Σ MÊS 5 | V34: =SUM(V14:V33) -> 352318.26 | W34: =SUM(W14:W33) -> 0.11996185 | X34: Σ MÊS 5 | Y34: =SUM(Y14:Y33) -> 395879.64 | Z34: =SUM(Z14:Z33) -> 0.13479419 | AB34: Total Geral | AC34: =SUM(AC14:AC33) -> 2936919.1 | AD34: =SUM(AD14:AD33) -> 1 | AE34: Σ MÊS 4 | AF34: =SUM(AF14:AF33) -> 394828.31 | AG34: =SUM(AG14:AG33) -> 0.13443622 | AH34: Σ MÊS 5 | AI34: =SUM(AI14:AI33) -> 387517.06 | AJ34: =SUM(AJ14:AJ33) -> 0.13194679 | AK34: Σ MÊS 5 | AL34: =SUM(AL14:AL33) -> 251357.51 | AM34: =SUM(AM14:AM33) -> 0.085585439 | AN34: =SUM(AN14:AN33) -> 2936919.1
B35: Acumulado | F35: =F34 -> 164130.77 | G35: =G34 -> 0.055885355 | I35: =F35+I34 -> 431839.74 | J35: =G35+J34 -> 0.14703835 | L35: =I35+L34 -> 792918.36 | M35: =J35+M34 -> 0.26998304 | O35: Acumulado | S35: =S34+L35 -> 1155018.3 | T35: =T34+M35 -> 0.3932755 | V35: =V34+S35 -> 1507336.6 | W35: =W34+T35 -> 0.51323735 | Y35: =Y34+V35 -> 1903216.2 | Z35: =Z34+W35 -> 0.64803154 | AB35: Acumulado | AF35: =AF34+Y35 -> 2298044.6 | AG35: =AG34+Z35 -> 0.78246777 | AI35: =AI34+AF35 -> 2685561.6 | AJ35: =AJ34+AG35 -> 0.91441456 | AL35: =AL34+AI35 -> 2936919.1 | AM35: =AM34+AJ35 -> 1
